 Dungeon Crawl Stone Soup version 0.29.1-15-g9cfb28693d (webtiles) character file.

Game seed: 17427435278243144930

52 Carnifexus the Trooper (level 3, -2/29 HPs)
             Began as a Demonspawn Berserker on Mar 26, 2023.
             Was a Believer of Trog.
             Slain by a gnoll
             ... wielding a +0 quarterstaff
              (5 damage)
             ... on level 2 of the Dungeon.
             The game lasted 00:02:20 (1822 turns).

Carnifexus the Trooper (Demonspawn Berserker)       Turns: 1822, Time: 00:02:20

Health: -2/29      AC:  4    Str: 19    XL:     3   Next: 60%
Magic:  3/3        EV: 12    Int:  8    God:    Trog [**....]
Gold:   47         SH:  0    Dex: 12    Spells: 2/2 levels left

rFire   . . .      SeeInvis .   a - +0 mace
rCold   . . .      Faith    .   (no shield)
rNeg    . . .      Spirit   .   b - +0 animal skin
rPois   .          Reflect  .   (no helmet)
rElec   .          Harm     .   h - +0 cloak
rCorr   .          Rampage  .   g - +0 pair of gloves
Will    .....                   (no boots)
Stlth   +.........              (no amulet)
HPRegen 0.09/turn               (no ring)
MPRegen 0.08/turn               (no ring)

@: no status effects
A: spiny 1
a: Renounce Religion, Berserk, Trog's Hand


You were on level 2 of the Dungeon.
You worshipped Trog.
Trog was pleased with you.
You visited 1 branch of the dungeon, and saw 2 of its levels.

You collected 47 gold pieces.

Inventory:

Hand Weapons
 a - a +0 mace (weapon)
Missiles
 j - a throwing net (quivered)
Armour
 b - a +0 animal skin (worn)
 g - a +0 pair of gloves (worn)
 h - a +0 cloak (worn)
Jewellery
 l - a ring of magical power
Scrolls
 f - 3 scrolls of magic mapping {unknown}
 i - a scroll of fear {unknown}
 m - a scroll of identify {unknown}
Potions
 c - a potion of mutation {unknown}
 d - a potion of degeneration {unknown}
 e - 3 potions of heal wounds {unknown}
 k - a potion of curing {unknown}


   Skills:
 + Level 3.5 Fighting
 + Level 3.5 Maces & Flails
 + Level 1.9 Armour
 + Level 2.0 Dodging
 + Level 0.4 Stealth


You had 2 spell levels left.
You didn't know any spells.
Your spell library was empty.

Dungeon Overview and Level Annotations

Branches:
Dungeon (2/15)

Altars:


Innate Abilities, Weirdness & Mutations

You are partially covered in sharp spines.


Message History

The gnoll throws a throwing net.
The throwing net hits you.
You become entangled in the net!
You see here a throwing net.
You struggle against the net.
You struggle against the net.
The gnoll hits you but does no damage.
A gnoll comes into view. It is wielding a +0 flail.
You struggle against the net.
The gnoll shouts!
The gnoll throws a stone.
The stone barely misses you. The gnoll completely misses you.
You rip the net and break free!
The gnoll misses you.
You sock the gnoll!
The gnoll is heavily wounded.
The gnoll misses you.
A gnoll comes into view. It is wielding a +0 quarterstaff.
You barely miss the gnoll.
The gnoll is heavily wounded.
The gnoll shouts!
The gnoll misses you.
You closely miss the gnoll.
The gnoll is heavily wounded.
The gnoll is struck by your spines. The gnoll hits you but does no damage.
The gnoll barely misses you. The gnoll misses you.
The gnoll is struck by your spines.
You kill the gnoll!
Trog accepts your kill.
You hit the gnoll.
The gnoll is moderately wounded.
The gnoll closely misses you.
The gnoll hits you with a +0 quarterstaff.
You barely miss the gnoll.
The gnoll is moderately wounded.
The gnoll hits you with a +0 quarterstaff!
The gnoll is struck by your spines. The gnoll hits you with a +0 flail!
* * * LOW HITPOINT WARNING * * *
You hit the gnoll but do no damage.
The gnoll is moderately wounded.
The gnoll is struck by your spines. The gnoll closely misses you.
The gnoll hits you with a +0 quarterstaff.
You die...

#.............#
#......$......
#............
####..........#
###.............#
#...##.†........#
###.#.....†...†...#..
#......####gg.........
####..g#### #.@.....#....
##.....## #))..........
...#>.###.................>
##....##..####......###....
.#......... .......# ...
.....###### ##......# ..
.....## ###...## .........
#...# ...####.. ....


You could see 2 gnolls.

Vanquished Creatures
  A gnoll (D:2)
  3 worms (D:2)
  A dart slug (D:2)
  2 ball pythons (D:1)
  4 bats
  5 endoplasms
  2 goblins
  3 hobgoblins
  2 jackals (D:2)
  2 kobolds (D:1)
  A frilled lizard (D:2)
  3 rats
29 creatures vanquished.

Notes
Turn   | Place    | Note
-------+----------+-------------------------------------------
     0 | D:1      | Carnifexus the Demonspawn Berserker began the quest for the
                  | Orb.
     0 | D:1      | Reached XP level 1. HP: 18/18 MP: 1/1
   317 | D:1      | Gained mutation: You are partially covered in sharp spines.
                  | [demonic ancestry]
   317 | D:1      | Reached XP level 2. HP: 12/24 MP: 2/2
   638 | D:1      | Found a faded altar of an unknown god.
   770 | D:1      | Reached ** piety under Trog
  1182 | D:2      | HP: 1/24 [worm (2)]
  1494 | D:2      | Reached XP level 3. HP: 19/29 MP: 3/3
  1822 | D:2      | Slain by a gnoll

Illustrated notes

Levels and vault maps discovered:
D:1:      erik_arrival_cave_to_civilisation [erik_arrival_cave_to_hall],
          layout_rooms, hellmonk_ecumenical_altar_run_dry
D:2:      layout_rooms

Skill      XL: |  1  2 |
---------------+-------+-----
Maces & Flails | 3 |  3.5
Dodging        | 2 |  2.0
Fighting       | |  3.5
Armour         | |  1.9
Stealth        | |  0.4

Action                   || total
-------------------------++-------
Melee: Mace              ||   103
 Stab: Sleeping          ||     1
Armor: Animal skin       ||    24
Dodge: Dodged            ||    70
